 Dungeon Crawl Stone Soup version 0.14-a0-953-g9e7f188 (webtiles) character file.

252 Psiweapon the Ruffian (level 4, 0/33 HPs)
             Began as a Demonspawn Transmuter on Nov 21, 2013.
             Slain by Grinder (3 damage)
             ... on Level 3 of the Dungeon.
             The game lasted 00:12:25 (3344 turns).

Psiweapon the Insei (Demonspawn Transmuter)         Turns: 3344, Time: 00:12:26

HP   0/33        AC  2     Str 16      XL: 4   Next: 71%
MP   0/6         EV 12     Int 15      God:
Gold 135         SH  0     Dex 13      Spells:  2 memorised,  4 levels left

Res.Fire  : . . .   See Invis. : +     - Unarmed
Res.Cold  : . . .   Warding    : .   c - +0 robe
Life Prot.: . . .   Conserve   : .   (no shield)
Res.Poison: .       Res.Corr.  : .   (no helmet)
Res.Elec. : .       Clarity    : .   (no cloak)
Sust.Abil.: . .     Spirit.Shd : +   (no gloves)
Res.Mut.  : .       Stasis     : .   (boots unavailable)
Res.Rott. : .       Flight     : .   h - amulet of guardian spirit
Saprovore : . . .                    (no ring)
                                     k - ring of see invisible

@: appendage (expiring), mighty, very slightly contaminated, slightly resistant
to hostile enchantments, unstealthy
A: claws 2, talons 3
a: End Transformation


You were on level 3 of the Dungeon.
You were not hungry.
You had grown temporary talons.
You visited 1 branch of the dungeon, and saw 4 of its levels.

You collected 135 gold pieces.

Inventory:

Missiles
 b - 37 arrows
 v - a throwing net (quivered)
 A - 2 darts
Armour
 c - a +0 robe (worn)
 t - a cursed +0 leather armour
Comestibles
 a - 3 bread rations
 i - 3 chokos
 j - 3 meat rations
 E - a pear
 F - a chunk of bat flesh
Scrolls
 e - a scroll of noise {unknown}
 f - a scroll of curse weapon {unknown}
 g - a scroll of enchant armour {unknown}
 l - 3 scrolls of fear
 m - 2 scrolls of teleportation {unknown}
 n - a scroll of curse jewellery {unknown}
 o - a scroll of amnesia {unknown}
 p - a scroll of fog {unknown}
 r - 2 scrolls of remove curse {unknown}
 w - a scroll of curse armour {unknown}
 y - a scroll of identify
 B - 2 scrolls of enchant weapon II {unknown}
Jewellery
 h - an amulet of guardian spirit (around neck)
 k - a ring of see invisible (left claw)
 x - an uncursed amulet of rage
Potions
 q - 2 potions of agility
 s - a potion of magic
 z - a potion of poison {unknown}
Books
 d - a book of Changes

   Spells                             Type                      Level
   *Beastly Appendage                 Transmutation                1
   *Sticks to Snakes                  Transmutation                2
   Spider Form                        Transmutation/Poison         3
   Ice Form                           Ice/Transmutation            4
   Blade Hands                        Transmutation                5


   Skills:
 + Level 2.2 Fighting
 + Level 2.5 Dodging
 + Level 3.6 Unarmed Combat
 - Level 2.0 Spellcasting
 + Level 2.5 Transmutations


You had 4 spell levels left.
You knew the following spells:

 Your Spells              Type           Power        Failure   Level  Hunger
a - Beastly Appendage     Trmt           #.....       10%         1    #......
b - Sticks to Snakes      Trmt           #.........   12%         2    ###....


Dungeon Overview and Level Annotations

Branches:
Dungeon (4/16)
 Temple: D:4-7

Altars:
Elyvilon
Sif Muna
Xom

Annotations:
D:3 Grinder


Innate Abilities, Weirdness & Mutations

You have very sharp fingernails.
You have claws for feet.


Message History

You closely miss Grinder.
Grinder is heavily wounded.
Grinder hits you but does no damage.
You barely miss Grinder.
Grinder is heavily wounded.
Grinder hits you!
You writhe in agony.
* * * LOW HITPOINT WARNING * * *
You closely miss Grinder. Your kick misses Grinder.
Grinder is heavily wounded.
Your transformation is almost over.
Grinder barely misses you.
Drink which item? (? for menu, Esc to quit)
You feel very mighty all of a sudden.
It was a potion of might.
Grinder closely misses you.
You closely miss Grinder. Your kick misses Grinder.
Grinder is heavily wounded.
Grinder hits you!
* * * LOW HITPOINT WARNING * * *
You writhe in agony.
You die...

...........#
%............# ..
#..#.######..# ..#
#.$ #..#######. ..# #
#.5 #.......... ..#
#.##.. ##.#######. ..
##....$ #.#
........#########.#
#..5@......#.#######.
#.######.............
#.######...#########.
#.......###########
#######..%.........
#############


You could see Grinder.

Vanquished Creatures
  Jessica (D:2)
  3 adders
  A giant mite (D:3)
  A ball python (D:2)
  6 goblins
  12 hobgoblins
  2 jackals (D:3)
  8 kobolds
  9 bats
  8 giant cockroaches
  3 giant geckos
  2 giant newts
  A kobold skeleton (D:1)
  3 quokkas
  7 rats
67 creatures vanquished.

Notes
Turn   | Place    | Note
--------------------------------------------------------------
     0 | D:1      | Psiweapon, the Demonspawn Transmuter, began the quest for the Orb.
     0 | D:1      | Reached XP level 1. HP: 15/15 MP: 1/1
     8 | D:1      | Noticed a shark
     8 | D:1      | Noticed a shark
   368 | D:1      | Gained mutation: You have sharp fingernails. [demonic ancestry]
   368 | D:1      | Reached XP level 2. HP: 18/21 MP: 3/3
  1103 | D:2      | Noticed Jessica
  1111 | D:2      | Killed Jessica
  1111 | D:2      | Reached skill level 3 in Unarmed Combat
  1111 | D:2      | Gained mutation: You have very sharp fingernails. [demonic ancestry]
  1111 | D:2      | Reached XP level 3. HP: 21/26 MP: 2/4
  1956 | D:2      | Learned a level 2 spell: Sticks to Snakes
  2207 | D:2      | Reached XP level 4. HP: 29/33 MP: 6/6
  2280 | D:2      | Found a shimmering altar of Xom.
  2291 | D:2      | Found a white marble altar of Elyvilon.
  2309 | D:2      | Found a deep blue altar of Sif Muna.
  2661 | D:3      | Noticed Grinder
  3344 | D:3      | Slain by Grinder

Action                   |  1- 3 |  4- 6 || total
-------------------------+-------+-------++-------
Melee: Unarmed           |   147 |    73 ||   220
 Cast: Beastly Appendage |    24 |    14 ||    38
  Use: Scroll            |     1 |     3 ||     4
       Potion            |     1 |     1 ||     2
